 Dungeon Crawl Stone Soup version 0.19-a0-82-gd3566c2 (webtiles) character file.

206 Duffy the Skirmisher (level 5, 0/29 HPs)
             Began as a Vine Stalker Fighter on May 16, 2016.
             Slain by a wight
             ... wielding a +0 dire flail
              (1 damage)
             ... on level 4 of the Dungeon.
             The game lasted 00:02:03 (1582 turns).

Duffy the Skirmisher (Vine Stalker Fighter)         Turns: 1582, Time: 00:02:03

Health: 0/29       AC:  7    Str: 19    XL:     5   Next: 84%
Magic:  0/6        EV:  7    Int:  9    God:
Gold:   122        SH:  9    Dex: 13    Spells: 0 memorised, 4 levels left

rFire  . . .     SeeInvis .     a - +0 flail
rCold  . . .     Gourm    .     b - +0 scale mail
rNeg   . . .     Faith    .     c - +0 shield
rPois  .         Spirit   +     (no helmet)
rElec  .         Dismiss  .     (no cloak)
rCorr  .         Reflect  .     (no gloves)
SustAt .         Harm     .     p - +0 pair of boots
MR     .....                    (no amulet)
Stlth  ..........               (no ring)
                                (no ring)

@: drained, not resistant to hostile enchantments, extremely unstealthy
A: fangs 2, regeneration 1, magic shield, antimagic bite, no device heal 3, rot
immunity
a: no special abilities


You were on level 4 of the Dungeon.
You were not hungry.

You visited 1 branch of the dungeon, and saw 4 of its levels.

You collected 122 gold pieces.


Innate Abilities, Weirdness & Mutations

You have extremely sharp teeth.
Your natural rate of healing is unusually fast.
When hurt, damage is shared between your health and your magic reserves.
Your bite disrupts and absorbs the magic of your enemies.
Potions and wands cannot restore your health.
You are immune to rotting.


   Skills:
 + Level 4.2(3.6) Fighting
 - Level 2.5(1.9) Maces & Flails
 - Level 2.4(1.8) Armour
 + Level 4.2(3.5) Shields


You had 4 spell levels left.
You didn't know any spells.

Inventory:

Hand Weapons
 a - a +0 flail (weapon)
 e - a +1 dagger of venom
Armour
 b - a +0 scale mail (worn)
 c - a +0 shield (worn)
 p - a +0 pair of boots (worn)
Jewellery
 s - an uncursed amulet of guardian spirit {unknown}
Scrolls
 g - 3 scrolls of enchant weapon {unknown}
 k - a scroll of remove curse {unknown}
 n - a scroll of identify {unknown}
 o - a scroll of enchant armour {unknown}
Potions
 d - 2 potions of might
 h - a potion of curing {unknown}
 i - a potion of resistance {unknown}
 j - a potion of berserk rage {unknown}
 l - 2 potions of mutation {unknown}
 m - a potion of brilliance {unknown}
 q - a potion of cure mutation {unknown}
Comestibles
 f - a bread ration
 r - 2 chunks of flesh

Dungeon Overview and Level Annotations

Branches:
Dungeon (4/15)
 Temple: D:4-7

Altars:
Ashenzari
Gozag
Nemelex Xobeh
Ru
Sif Muna

Annotations:
D:3 Grinder


Message History

Wield which item (- for none, * to show all)? (? for menu, Esc to quit)
Your +1 dagger of venom stops dripping with poison.
a - a +0 flail (weapon)
You see here a naga barding.
You barely miss the wight. Your bite misses the wight.
The wight hits you with an enchanted great sword!
You hit the wight. You bite the wight, but do no damage.
The wight is lightly damaged.
You block the wight's attack.
You hit the wight.
The wight is heavily damaged.
You block the wight's attack.
You hit the wight. You bite the wight. You drain its power.
You feel invigorated.
You destroy the wight!
You hit the wight but do no damage. You bite the wight, but do no damage.
The wight hits you but does no damage.
You hit the wight. You bite the wight. You drain its power.
You feel invigorated.
The wight is moderately damaged.
The wight hits you with a dire flail.
You hit the wight but do no damage. You bite the wight. You drain its power.
You feel invigorated.
The wight is heavily damaged.
You block the wight's attack. The wight hits you with a dire flail!
You are too injured to fight recklessly!
You are too injured to fight recklessly!
You are too injured to fight recklessly!
You are too injured to fight recklessly!
You are too injured to fight recklessly!
You are too injured to fight recklessly!
You are too injured to fight recklessly!
You are too injured to fight recklessly!
You are too injured to fight recklessly!
You are too injured to fight recklessly!
You are too injured to fight recklessly!
You are too injured to fight recklessly!
You are too injured to fight recklessly!
You are too injured to fight recklessly!
You are too injured to fight recklessly!
You barely miss the wight.
The wight is heavily damaged.
You block the wight's attack.
You hit the wight but do no damage.
The wight is heavily damaged.
The wight hits you with a dire flail!
You feel drained.
You barely miss the wight. You bite the wight, but do no damage.
The wight is heavily damaged.
The wight hits you with a dire flail.
You feel drained.
You die...

# ### ## . ...
.. # #.# .# #
##.##### .# #
#......## .# #
#<.##.#.##.# #
#..#.###@#.# #
#...## ##z.# #
#####.##.###.###
# #.....# #.#z##
# #.##### #z##
#####.# #.#
......# #..
####### #..# #
.z..


You could see a wight.

Action                   |  1- 3 |  4- 6 || total
-------------------------+-------+-------++-------
Melee: Dagger            |    68 |    63 ||   131
       Bite              |    16 |    28 ||    44
       Flail             |     3 |    10 ||    13
  Eat: Chunk             |       |     2 ||     2
Armor: Scale mail        |    29 |    28 ||    57
Dodge: Dodged            |    28 |    12 ||    40
Block: Shield            |    39 |    40 ||    79

Notes
Turn   | Place    | Note
--------------------------------------------------------------
     0 | D:1      | Duffy the Vine Stalker Fighter began the quest for the Orb.
     0 | D:1      | Reached XP level 1. HP: 11/11 MP: 2/2
   110 | D:1      | Reached skill level 2 in Maces & Flails
   378 | D:1      | Reached XP level 2. HP: 16/16 MP: 3/3
   652 | D:2      | Noticed Ijyb
   662 | D:1      | Killed Ijyb
   662 | D:1      | Reached skill level 3 in Fighting
   662 | D:1      | Reached skill level 3 in Shields
   662 | D:1      | Reached XP level 3. HP: 19/20 MP: 4/4
   858 | D:2      | Reached XP level 4. HP: 21/24 MP: 5/5
  1265 | D:3      | Found an opulent altar of Gozag.
  1268 | D:3      | Found a shattered altar of Ashenzari.
  1271 | D:3      | Found a sacrificial altar of Ru.
  1272 | D:3      | Found a sparkling altar of Nemelex Xobeh.
  1272 | D:3      | Found a deep blue altar of Sif Muna.
  1372 | D:3      | Noticed Grinder
  1434 | D:4      | Reached XP level 5. HP: 29/29 MP: 6/6
  1534 | D:4      | Reached skill level 4 in Fighting
  1534 | D:4      | Reached skill level 4 in Shields
  1582 | D:4      | Slain by a wight

Skill      XL: |  1  2  3  4  5 |
---------------+----------------+-----
Maces & Flails | 2 |  2.5
Fighting       | 3 4 |  4.2
Shields        | 3 4 |  4.2
Armour         | |  2.4

Vault maps used:
D:1:      lightli_arrival_windingriver, serial_glass, glass_columns_a,
          glass_columns_b
D:2:      uniq_iyjb
D:3:      lemuel_coloured_pillars_altar, yredelemnul_forgotten_temple_becter,
          grunt_temple_overflow_open, first_bread, serial_aquarium,
          aquarium_bridge_long_separate, aquarium_window_corner,
          aquarium_window_fake, aquarium_view_2a, aquarium_view_2e,
          aquarium_pool_five, uniq_grinder
D:4:      temple_statues, uniq_edmund

Vanquished Creatures
  A wight
  A howler monkey
  A giant frog skeleton Ijyb
  4 adders
  A worm
  A ball python
  2 giant cockroaches
  2 goblins
  3 hobgoblins
  5 jackals
  4 bats
  A giant gecko skeleton
  3 giant newts
  7 kobolds
  2 rats
39 creatures vanquished.
